 Dungeon Crawl Stone Soup version 0.27-a0-577-ge2a43ba0c9 (webtiles) character file.

Game seed: 10689997389052375230

260 Defined the Twirler (level 6, -4/47 HPs)
             Began as a Gnoll Wanderer on Mar 10, 2021.
             Slain by an orc priest
             ... wielding a +0 trident
              (10 damage)
             ... on level 3 of the Dungeon.
             The game lasted 00:09:52 (3953 turns).

Defined the Twirler (Gnoll Wanderer)                Turns: 3953, Time: 00:09:53

Health: -4/47      AC:  5    Str: 12    XL:     6   Next: 17%
Magic:  8/8        EV: 11    Int: 12    God:
Gold:   75         SH:  0    Dex: 12    Spells: 8/8 levels left

rFire    . . .     SeeInvis .   n - +0 long sword
rCold    . . .     Faith    .   (no shield)
rNeg     . . .     Spirit   .   i - +0 leather armour
rPois    .         Reflect  .   (no helmet)
rElec    .         Harm     .   d - +1 cloak
rCorr    .         Rampage  .   (no gloves)
Will     .....                  (no boots)
Stlth    ++........             (no amulet)
HPRegen  0.15/turn              (no ring)
MPRegen  0.11/turn              (no ring)

@: no status effects
A: fangs 1, strong nose, distributed training
a: no special abilities


You were on level 3 of the Dungeon.
You visited 1 branch of the dungeon, and saw 3 of its levels.

You collected 75 gold pieces.

Inventory:

Hand Weapons
 c - a +0 falchion
 m - a +0 war axe
 n - a +0 long sword (weapon)
 p - a +0 hunting sling
Missiles
 k - 18 sling bullets
 o - 8 poisoned darts (quivered)
Armour
 d - a +1 cloak (worn)
 e - a +0 robe
 i - a +0 leather armour (worn)
Scrolls
 g - a scroll of teleportation
 l - a scroll of blinking {unknown}
 q - a scroll of magic mapping {unknown}
Potions
 f - a potion of heal wounds {unknown}
 h - a potion of degeneration {unknown}
 j - a potion of brilliance {unknown}


   Skills:
 + Level 3.1 Fighting
 + Level 1.8 Short Blades
 + Level 1.8 Long Blades
 + Level 4.9 Axes
 + Level 1.8 Maces & Flails
 + Level 1.8 Polearms
 + Level 6.8 Staves
 + Level 1.8 Slings
 + Level 1.8 Bows
 + Level 1.8 Crossbows
 + Level 3.1 Throwing
 + Level 4.9 Armour
 + Level 1.8 Dodging
 + Level 1.8 Stealth
 + Level 1.8 Shields
 + Level 1.8 Unarmed Combat
 + Level 1.8 Spellcasting
 + Level 1.4 Conjurations
 + Level 1.4 Hexes
 + Level 1.4 Summonings
 + Level 1.4 Necromancy
 + Level 1.4 Translocations
 + Level 1.4 Transmutations
 + Level 1.4 Fire Magic
 + Level 1.4 Ice Magic
 + Level 1.4 Air Magic
 + Level 1.4 Earth Magic
 + Level 1.4 Poison Magic
 + Level 2.0 Invocations
 + Level 3.1 Evocations


You had 8 spell levels left.
You didn't know any spells.
Your spell library was empty.

Dungeon Overview and Level Annotations

Branches:
Dungeon (3/15)

Altars:
Xom


Innate Abilities, Weirdness & Mutations

You have very sharp teeth.
Your uncanny sense of smell can sniff out nearby items.
Your experience applies equally to all skills.


Message History

You barely miss Natasha. Your bite misses Natasha.
Natasha is severely wounded.
The orc priest miscasts a cantrip.
Natasha stares at you and mumbles some strange words.
You resist with some effort.
You hit Natasha. Your bite misses Natasha.
Natasha is almost dead.
Natasha claws you.
The iron imp shouts, "Take thy face hence, thou spongy dizzy-eyed yak-dropping!"
Natasha barely misses you.
You closely miss Natasha.
Natasha is almost dead.
Natasha barely misses you.
The orc priest miscasts a cantrip.
You hit Natasha.
You kill Natasha!
Natasha growls in agony!
The iron imp disappears in a puff of smoke!
The orc priest invokes the aid of Beogh against you.
You barely resist.
Throw: 9 darts (poison)
Press: ? - help, Q - select action Shift-Dir - straight line, f - orc priest
Aim: an orc priest, wielding a +0 trident and wearing a +0 ring mail (63% to hit)
You throw a poisoned dart. The poisoned dart hits the orc priest.
The orc priest is poisoned.
The orc priest hits you but does no damage.
Things that are here:
a +0 flail; a rat corpse; an adder corpse You closely miss the orc priest.
The orc priest hits you but does no damage.
You barely miss the orc priest.
The orc priest is lightly wounded.
The orc priest hits you with a +0 trident.
The orc priest mumbles some strange prayers to Beogh against you.
Beogh smites you!
* * * LOW HITPOINT WARNING * * *
You hit the orc priest but do no damage.
The orc priest is lightly wounded.
The orc priest hits you with a +0 trident!
You die...

# #.>.....##
#####.......# #
......####..# .#
..########..# #.
#........#..#
###.
########.#..###
#.. #
##.#....###.# #
####........##.#
#
#....)....#(o@.#
#
#.##.......(####
# #..#..##.## #
#....###.#
....(.# #.#
..##.#.#..# #.#
..##.#.#..# #.#
.## # ..r# #.#
∆.. ..#. #.#


You could see an orc priest (poisoned).

Vanquished Creatures
  2 jellies (D:2)
  An orc priest (D:3)
  Natasha (twice) (D:3)
  4 adders
  An ooze (D:1)
  A dart slug (D:2)
  A leopard gecko (D:1)
  8 orcs
  2 ball pythons
  5 bats
  A giant cockroach (D:2)
  5 hobgoblins (D:1)
  An iguana (D:2)
  5 jackals
  13 kobolds
  3 frilled lizards
  11 goblins
  5 rats
71 creatures vanquished.

Notes
Turn   | Place    | Note
-------+----------+-------------------------------------------
     0 | D:1      | Defined the Gnoll Wanderer began the quest for the Orb.
     0 | D:1      | Defined set off with the following items: a +2 dagger, 4
                  | curare-tipped darts, a +0 falchion, a +0 quarterstaff, a +0
                  | robe
     0 | D:1      | Reached XP level 1. HP: 17/17 MP: 1/1
   360 | D:1      | Reached XP level 2. HP: 14/23 MP: 2/2
  1034 | D:1      | Reached XP level 3. HP: 13/28 MP: 3/3
  1829 | D:2      | Reached skill level 1 in Invocations
  1968 | D:2      | Found a shimmering altar of Xom.
  1998 | D:2      | Reached skill level 1 in Short Blades
  1998 | D:2      | Reached skill level 1 in Long Blades
  1998 | D:2      | Reached skill level 1 in Maces & Flails
  1998 | D:2      | Reached skill level 1 in Polearms
  1998 | D:2      | Reached skill level 1 in Slings
  1998 | D:2      | Reached skill level 1 in Bows
  1998 | D:2      | Reached skill level 1 in Crossbows
  1998 | D:2      | Reached skill level 1 in Dodging
  1998 | D:2      | Reached skill level 1 in Stealth
  1998 | D:2      | Reached skill level 1 in Shields
  1998 | D:2      | Reached skill level 1 in Unarmed Combat
  1998 | D:2      | Reached skill level 1 in Spellcasting
  1998 | D:2      | Reached XP level 4. HP: 15/34 MP: 5/5
  2178 | D:2      | Reached skill level 1 in Conjurations
  2178 | D:2      | Reached skill level 1 in Hexes
  2178 | D:2      | Reached skill level 1 in Summonings
  2178 | D:2      | Reached skill level 1 in Necromancy
  2178 | D:2      | Reached skill level 1 in Translocations
  2178 | D:2      | Reached skill level 1 in Transmutations
  2178 | D:2      | Reached skill level 1 in Fire Magic
  2178 | D:2      | Reached skill level 1 in Ice Magic
  2178 | D:2      | Reached skill level 1 in Air Magic
  2178 | D:2      | Reached skill level 1 in Earth Magic
  2178 | D:2      | Reached skill level 1 in Poison Magic
  2263 | D:2      | Reached XP level 5. HP: 21/40 MP: 6/6
  3908 | D:3      | Noticed Natasha
  3913 | D:3      | Killed Natasha
  3934 | D:3      | Noticed Natasha
  3935 | D:3      | Reached XP level 6. HP: 23/47 MP: 8/8
  3948 | D:3      | Killed Natasha
  3953 | D:3      | Slain by an orc priest

Illustrated notes

Levels and vault maps discovered:
D:1:      eino_arrival_tree_alley, layout_rooms, hangedman_decor_lopped,
          minmay_statues_item, st_stairs_12, minivault_5
D:2:      layout_loops_ring, dk_xom_monty_hall
D:3:      layout_loops_ring, lemuel_round_altar, uniq_natasha

Skill      XL: |  1  2  3  4  5 |
---------------+----------------+-----
Invocations    | 1 2 |  2.0
Short Blades   | 1 |  1.8
Long Blades    | 1 |  1.8
Maces & Flails | 1 |  1.8
Polearms       | 1 |  1.8
Slings         | 1 |  1.8
Bows           | 1 |  1.8
Crossbows      | 1 |  1.8
Dodging        | 1 |  1.8
Stealth        | 1 |  1.8
Shields        | 1 |  1.8
Unarmed Combat | 1 |  1.8
Spellcasting   | 1 |  1.8
Conjurations   | 1 |  1.4
Hexes          | 1 |  1.4
Summonings     | 1 |  1.4
Necromancy     | 1 |  1.4
Translocations | 1 |  1.4
Transmutations | 1 |  1.4
Fire Magic     | 1 |  1.4
Ice Magic      | 1 |  1.4
Air Magic      | 1 |  1.4
Earth Magic    | 1 |  1.4
Poison Magic   | 1 |  1.4
Fighting       | 3 |  3.1
Throwing       | 3 |  3.1
Evocations     | 3 |  3.1
Axes           | |  4.9
Staves         | |  6.8
Armour         | |  4.9

Action                   |  1- 3 |  4- 6 || total
-------------------------+-------+-------++-------
Melee: Dagger            |   124 |       ||   124
       Bite              |     7 |     9 ||    16
       Long sword        |    21 |   112 ||   133
       Falchion          |     1 |       ||     1
Throw: Dart              |     3 |     9 ||    12
  Use: Scroll            |       |     3 ||     3
       Potion            |       |     1 ||     1
 Stab: Sleeping          |       |     4 ||     4
Armor: Robe              |     3 |       ||     3
       Leather armour    |    33 |    34 ||    67
Dodge: Dodged            |    96 |    73 ||   169
       Rpst.: Long sword |     3 |    28 ||    31
       Falchion          |     1 |       ||     1

Table legend: (Time is in decaauts)
 A = Elapsed time spent in this place.
 B = Non-inter-level travel time spent in this place.
 C = Inter-level travel time spent in this place.
 D = Time resting spent in this place.
 E = Time spent auto-exploring this place.
 F = Levels seen in this place.
 G = Mean time per level.
                   A        B        C        D        E       F      G
               +--------+--------+--------+--------+--------+-----+--------+
         Total |   3994 |   3939 |     55 |   1835 |    963 |   3 | 1331.3 |
       Dungeon |   3994 |   3939 |     55 |   1835 |    963 |   3 | 1331.3 |
               +--------+--------+--------+--------+--------+-----+--------+

Top non-repeatable levels by time:
     D:1: 2013 daAuts
     D:2: 1756 daAuts
     D:3: 225 daAuts
